 Dungeon Crawl Stone Soup version 0.30-a0-728-gc68057be0a (webtiles) character file.

Game seed: 9630775266205923353

389 porpoise the Poker (level 6, 0/48 HPs)
             Began as a Demonspawn Gladiator on Feb 1, 2023.
             Killed from afar by Blork the orc (12 damage)
             ... with a puff of frost
             ... on level 4 of the Dungeon.
             The game lasted 00:16:49 (3173 turns).

porpoise the Poker (Demonspawn Gladiator)           Turns: 3173, Time: 00:16:50

Health: 0/48       AC:  8    Str: 16    XL:     6   Next: 49%
Magic:  6/6        EV: 11    Int: 10    God:
Gold:   197        SH:  0    Dex: 14    Spells: 5/5 levels left

rFire   . . .      SeeInvis .    a - +0 trident
rCold   . . .      Faith    .    (no shield)
rNeg    . . .      Spirit   .    f - +0 ring mail
rPois   .          Reflect  .    c - +0 helmet
rElec   .          Harm     .    o - +1 cloak
rCorr   .          Rampage  .    (no gloves)
Will    .....                    (no boots)
Stlth   +                        (no amulet)
HPRegen 0.28/turn                (no ring)
MPRegen 0.20/turn                (no ring)

@: no status effects
A: claws 1, magic regeneration
a: no special abilities


You were on level 4 of the Dungeon.
You visited 1 branch of the dungeon, and saw 4 of its levels.
You also visited: Sewer.

You collected 197 gold pieces.

Inventory:

Hand Weapons
 a - a +0 trident (weapon)
 b - a +0 sling
Missiles
 d - 3 throwing nets (quivered)
 e - 9 javelins
Armour
 c - a +0 helmet (worn)
 f - a +0 ring mail (worn)
 o - a +1 cloak (worn)
Magical Staves
 n - a staff of fire
Jewellery
 t - an amulet of faith
Scrolls
 i - a scroll of identify
 l - a scroll of amnesia
 m - a scroll of noise
 p - a scroll of enchant weapon {unknown}
 q - a scroll of enchant armour
 s - a scroll of poison {unknown}
 u - a scroll of fog {unknown}
 v - a scroll of silence {unknown}
 w - a scroll of acquirement {unknown}
Potions
 g - 3 potions of curing
 h - 3 potions of mutation
 j - 3 potions of lignification
 k - a potion of cancellation
 r - 3 potions of brilliance


   Skills:
 + Level 4.2 Fighting
 * Level 5.7 Polearms
 - Level 1.7 Throwing
 - Level 2.6 Dodging


You had 5 spell levels left.
You didn't know any spells.
Your spell library contained the following spells:

 Spells                   Type           Power      Damage    Failure   Level
 Blink                    Tloc           0%         N/A       73%         2
 Lesser Beckoning         Tloc           0%         N/A       73%         2
 Momentum Strike          Conj/Tloc      0%         3d8       73%         2
 Leda's Liquefaction      Hex/Erth       0%         N/A       100%        4
 Lee's Rapid Deconstruct  Erth           0%         3d4*      100%        5
 Statue Form              Tmut/Erth      0%         N/A       100%        6
 Malign Gateway           Summ/Tloc      0%         N/A       100%        7
 Summon Horrible Things   Summ           0%         N/A       100%        8


Dungeon Overview and Level Annotations

Branches:
Dungeon (4/15)              Sewer (visited)
 Temple: D:4-7

Altars:

Annotations:
D:4 Blork the orc, Menkaure


Innate Abilities, Weirdness & Mutations

You have sharp fingernails.
You regenerate magic rapidly.


Message History

Unknown command.
Blork the orc gestures at you while chanting.
The magic dart hits you.
You shoot a sling bullet. The sling bullet hits Blork the orc.
Blork the orc is lightly wounded.
Blork the orc gestures at you while chanting.
The puff of flame hits you!
a - a +0 trident (weapon)
You reach to attack!
Menkaure shouts!
You hit Blork the orc but do no damage.
Blork the orc is lightly wounded.
Blork the orc barely misses you.
You puncture Blork the orc!
Blork the orc is heavily wounded.
Blork the orc barely misses you.
You hit Blork the orc.
Blork the orc is heavily wounded.
Blork the orc points at you and mumbles some strange words.
The puff of frost hits you.
Blork the orc hits you with a +0 scimitar!
You closely miss Blork the orc.
Blork the orc is heavily wounded.
Blork the orc gestures at you while chanting.
The puff of frost hits you.
Menkaure gestures wildly while chanting.
Menkaure seems to speed up.
Blork the orc barely misses you.
You closely miss Blork the orc.
Blork the orc is heavily wounded.
Blork the orc points at you and mumbles some strange words.
The magic dart hits you.
You puncture Blork the orc!
Blork the orc is severely wounded.
Blork the orc hits you but does no damage.
Menkaure calls on the powers of darkness!
Blork the orc convulses!
Your body is wracked with pain!
* * * LOW HITPOINT WARNING * * *
Blork the orc casts a spell at you. The puff of frost hits you!
You die...

# #....#..# # #......# # #
#.....###.# ###########
#.........# ##.........
#..M......# .#.........
###..[....## ...........
#.........## #..........
#o#......... ##..######
#@#.......#. ##.#...#
#.#.......# #.....#
##.#.......#
##....#######..#.......#
##......##...##.......##
#...#..##.##....####..#
#######.##.#..##.##.#####.#
#.....)...>..###.#..#.....#
#..........### #.#.##.###.#


You could see Blork the orc (fast) and Menkaure (fast).

Vanquished Creatures
  A black bear (D:4)
  A howler monkey (D:4)
  A hound (D:3)
  10 adders
  6 river rats (Sewer)
  A worm (D:2)
  4 endoplasms
  6 giant cockroaches
  7 goblins
  2 hobgoblins
  11 jackals
  4 quokkas
  9 ball pythons
  3 bats (D:1)
  11 frilled lizards
  3 kobolds
  18 rats
98 creatures vanquished.

Notes
Turn   | Place    | Note
-------+----------+-------------------------------------------
     0 | D:1      | porpoise the Demonspawn Gladiator began the quest for the
                  | Orb.
     0 | D:1      | Reached XP level 1. HP: 16/16 MP: 1/1
   168 | D:1      | Reached skill level 3 in Polearms
   206 | D:1      | Gained mutation: You regenerate magic rapidly. [demonic
                  | ancestry]
   206 | D:1      | Reached XP level 2. HP: 19/22 MP: 2/2
   733 | D:1      | Reached XP level 3. HP: 27/28 MP: 3/3
  1516 | D:3      | Reached skill level 4 in Polearms
  1516 | D:3      | Reached XP level 4. HP: 31/34 MP: 4/4
  1613 | D:3      | Found a glowing drain.
  1619 | Sewer    | Entered a sewer
  2050 | Sewer    | Reached XP level 5. HP: 34/41 MP: 5/5
  2670 | D:3      | Reached skill level 5 in Polearms
  2990 | D:4      | Gained mutation: You have sharp fingernails. [demonic
                  | ancestry]
  2990 | D:4      | Reached XP level 6. HP: 48/48 MP: 6/6
  3156 | D:4      | Noticed Blork the orc
  3157 | D:4      | Noticed Menkaure
  3173 | D:4      | Killed from afar by Blork the orc

Illustrated notes

Levels and vault maps discovered:
D:1:      minmay_arrival_arboretum_small, layout_basic, minmay_misc_feat_rugged
D:2:      layout_loops_ring
D:3:      layout_loops_cross, gup_sewer_entry_bubbles,
          hangedman_decor_peaks_small
D:4:      minmay_angry_zag, layout_basic, uniq_menkaure, uniq_blork_the_orc

Skill      XL: |  1  2  3  4  5  6 |
---------------+-------------------+-----
Polearms       | 3 4 5 |  5.7
Fighting       | 3 4 |  4.2
Throwing       | |  1.7
Dodging        | |  2.6

Action                     |  1- 3 |  4- 6 || total
---------------------------+-------+-------++-------
  Melee: Trident           |   152 |   239 ||   391
         Punch             |     1 |       ||     1
   Fire: Sling             |       |     1 ||     1
    Use: Scroll            |    11 |     3 ||    14
 Armour: Leather armour    |     4 |       ||     4
         Ring mail         |    41 |    84 ||   125
  Dodge: Dodged            |    84 |   125 ||   209

Table legend: (Time is in decaauts)
 A = Elapsed time spent in this place.
 B = Non-inter-level travel time spent in this place.
 C = Inter-level travel time spent in this place.
 D = Time resting spent in this place.
 E = Time spent auto-exploring this place.
 F = Levels seen in this place.
 G = Mean time per level.
                   A        B        C        D        E       F      G
               +--------+--------+--------+--------+--------+-----+--------+
         Total |   3283 |   3223 |     60 |    488 |   1540 |   5 |  656.6 |
       Dungeon |   2605 |   2545 |     60 |    260 |   1540 |   4 |  651.2 |
         Sewer |    677 |    677 |      0 |    228 |      0 |   1 |  677.0 |
               +--------+--------+--------+--------+--------+-----+--------+

Top non-repeatable levels by time:
     D:3: 856 daAuts
     D:1: 838 daAuts
   Sewer: 677 daAuts
     D:2: 612 daAuts
     D:4: 298 daAuts
